 Dungeon Crawl Stone Soup version 0.29.1-4-g47bece8355 (webtiles) character file.

Game seed: 5097480513732459423

92 112233 the Gusty (level 4, -11/24 HPs)
             Began as a Tengu Air Elementalist on Dec 8, 2022.
             Mangled by an ice beast (12 damage)
             ... on level 6 of the Dungeon.
             The game lasted 00:03:26 (3244 turns).

112233 the Gusty (Tengu Air Elementalist)           Turns: 3244, Time: 00:03:27

Health: -11/24     AC:  2    Str:  8    XL:     4   Next: 60%
Magic:  8/9        EV: 13    Int: 18    God:
Gold:   62         SH:  0    Dex: 14    Spells: 1/8 levels left

rFire   . . .      SeeInvis .   c - +1 spear (flame)
rCold   . . .      Faith    .   (no shield)
rNeg    . . .      Spirit   .   a - +0 robe
rPois   .          Reflect  .   (helmet restricted)
rElec   .          Harm     .   (no cloak)
rCorr   .          Rampage  .   (no gloves)
Will    .....                   (boots unavailable)
Stlth   ++........              (no amulet)
HPRegen 0.08/turn               (no ring)
MPRegen 0.11/turn               (no ring)

@: about to teleport
A: beak, talons 3
a: no special abilities


You were on level 6 of the Dungeon.
You visited 1 branch of the dungeon, and saw 4 of its levels.

You collected 62 gold pieces.

Inventory:

Hand Weapons
 c - a +1 spear of flaming (weapon)
 p - a +0 whip of electrocution
Armour
 a - a +0 robe (worn)
Jewellery
 n - a ring of flight
Scrolls
 e - a scroll of poison
 l - a scroll of amnesia
 m - a scroll of teleportation
Potions
 b - a potion of magic
 d - a potion of heal wounds {unknown}
 f - 2 potions of curing {unknown}
 g - a potion of haste {unknown}
 h - 2 potions of brilliance {unknown}
 j - a potion of ambrosia {unknown}
 o - a potion of invisibility {unknown}


   Skills:
 + Level 3.0 Dodging
 + Level 2.7 Stealth
 + Level 2.6 Spellcasting
 + Level 2.7 Conjurations
 + Level 4.6 Air Magic


You had one spell level left.
You knew the following spells:

 Your Spells              Type           Power      Damage    Failure   Level
a - Shock                 Conj/Air       60%        1d6       3%          1
b - Static Discharge      Conj/Air       15%        3-5/arc   5%          2
c - Airstrike             Air            9%         2d(2-18)  24%         4

Your spell library contained the following spells:

 Spells                   Type           Power      Damage    Failure   Level
 Swiftness                Air            19%        N/A       8%          3
 Ensorcelled Hibernation  Hex/Ice        4%         N/A       26%         2
 Passwall                 Tmut/Erth      1%         N/A       26%         2


Dungeon Overview and Level Annotations

Branches:
Dungeon (3/15)

Altars:

Portals:
Sewer: D:6


Innate Abilities, Weirdness & Mutations

You have a beak for a mouth.
You have claws for feet.


Message History

HP restored.
You hear the rusting of a drain very nearby.
You open the door.
There is an open door here.
You enter the shallow water.
Moving in this stuff is going to be slow.
You open the large door.
Found a glowing drain.
An ice beast comes into view.
There is an open door here.
An ice beast is nearby!
Casting: Shock (safe; 3% risk of failure)
Confirm with . or Enter, or press ? or * to list all spells.
Aiming: Shock (safe; 3% risk of failure)
Press: ? - help, Shift-Dir - straight line, f - ice beast
Aim: an ice beast (wandering, hasn't noticed you, 71% to hit)
The zap hits the ice beast but does no damage.
Unknown command.
As you read the scroll labelled NANUDAE XEULLI, it crumbles to dust.
The scroll dissolves into smoke.
It was a scroll of fog.
As you read the scroll labelled MEODIBI EZUA, it crumbles to dust.
It is a scroll of amnesia.
Really abort (and waste the scroll)?
Okay, then.
The ice beast hits you but does no damage.
As you read the scroll labelled VEXAFR IKHLUAQ, it crumbles to dust.
It is a scroll of identify.
e - a scroll of poison The ice beast hits you.
The ice beast freezes you.
Unknown command.
As you read the scroll labelled QERREUQ HUHU, it crumbles to dust.
You feel strangely unstable.
It was a scroll of teleportation.
The ice beast hits you. The ice beast freezes you!
* * * LOW HITPOINT WARNING * * *
Unknown command.
The ice beast attacks as you move away! The ice beast hits you.
* * * LOW HITPOINT WARNING * * *
The ice beast freezes you!
Ouch! That really hurt!
You die...

#.............##
########.......##
####.....##.
#########.....#.
##§§.............
##§§####.###[...##
#§§##~~###~#...##
#Y#§§~~~~'~#...#
#@#§§~~~~'∩#...#
#§§##~~###~#...#
##§§####.###...#
#.............#
#..#########.##
#.##########.#
#............#
##############


You could see an ice beast.

Vanquished Creatures
  An adder (D:2)
  An ufetubus (D:6)
  3 worms
  A dart slug (D:1)
  5 bats
  6 endoplasms
  3 giant cockroaches
  4 goblins
  8 hobgoblins
  4 jackals (D:1)
  5 quokkas
  6 ball pythons
  5 frilled lizards
  7 kobolds
  3 rats
62 creatures vanquished.

Notes
Turn   | Place    | Note
-------+----------+-------------------------------------------
     0 | D:1      | 112233 the Tengu Air Elementalist began the quest for the
                  | Orb.
     0 | D:1      | Reached XP level 1. HP: 10/10 MP: 4/4
    39 | D:1      | Reached XP level 2. HP: 12/15 MP: 6/6
   448 | D:1      | Reached XP level 3. HP: 19/19 MP: 2/7
  1436 | D:1      | Learned a level 2 spell: Static Discharge
  2174 | D:2      | Reached XP level 4. HP: 24/24 MP: 6/8
  2647 | D:2      | Found a faded altar of an unknown god.
  3063 | D:3      | You fall into a shaft and drop 3 floors!
  3089 | D:6      | Learned a level 4 spell: Airstrike
  3230 | D:6      | Found a glowing drain.
  3236 | D:6      | Noticed an ice beast
  3244 | D:6      | HP: 1/24 [ice beast (2)]
  3244 | D:6      | Mangled by an ice beast

Illustrated notes

Levels and vault maps discovered:
D:1:      shiori_arrival_maze, layout_loops_ring
D:2:      minmay_alternating_diamond, layout_rooms,
          dreamdust_ecumenical_altar_grove
D:3:      layout_loops_corners, nzn_overflow_gifts_of_might_and_magic,
          uniq_terence
D:6:      layout_rooms, dreamdust_divine_triumvirate,
          mainiacjoe_overflow_brackets, minmay_temple_entry_mist, serial_shops,
          nicolae_shop_advertising_works [nicolae_subvault_shop_adworks],
          shop_fountains, shop, shop, gup_sewer_entry_bowl

Skill      XL: |  1  2  3  4 |
---------------+-------------+-----
Conjurations   | 2 |  2.7
Dodging        | 3 |  3.0
Stealth        | |  2.7
Spellcasting   | |  2.6
Air Magic      | |  4.6

Action                   |  1- 3 |  4- 6 || total
-------------------------+-------+-------++-------
Melee: Spear             |    10 |     6 ||    16
       Peck              |     3 |       ||     3
       Kick              |     1 |     2 ||     3
 Cast: Shock             |    60 |    53 ||   113
       Static Discharge  |     5 |       ||     5
  Use: Scroll            |       |     4 ||     4
 Stab: Sleeping          |     1 |       ||     1
Armor: Robe              |     4 |     2 ||     6
Dodge: Dodged            |    19 |     8 ||    27
